 Dungeon Sprint DCSS version 0.23.2-1-ga50397a (webtiles) character file.

Game seed: 12924776244243531370

0 FatLuigi the Magician (level 1, -4/13 HPs)
             Began as a Mummy Enchanter on Apr 15, 2019.
             Was an Initiate of Yredelemnul.
             Slain by an orc
             ... wielding a +0 flail
              (5 damage)
             ... in the Dungeon (Sprint VI: "Thunderdome").
             The game lasted 00:04:03 (60 turns).

FatLuigi the Magician (Mummy Enchanter)               Turns: 60, Time: 00:04:05

Health: -4/13      AC:  2    Str: 11    XL:     1   Next: 25%
Magic:  3/4        EV: 12    Int: 14    God:    Yredelemnul [......]
Gold:   200        SH:  0    Dex: 12    Spells: 5/6 levels left

rFire    x . .     SeeInvis .   a - +1 dagger
rCold    + . .     Gourm    .   (no shield)
rNeg     + + +     Faith    .   b - +0 robe
rPois    ∞         Spirit   .   (no helmet)
rElec    .         Reflect  .   (no cloak)
rCorr    .         Harm     .   (no gloves)
MR       .....     NoTele   +   (no boots)
Stlth    ++........             (no amulet)
HPRegen  0.04/turn              (no ring)
MPRegen  0.09/turn              (no ring)

@: no status effects
A: no food or potions, fire vulnerability, cold resistance 1, negative energy
resistance 3, torment resistance, unbreathing
a: Renounce Religion


You were in the Dungeon.
You worshipped Yredelemnul.
Yredelemnul was noncommittal.
You were not hungry.

You visited 1 branch You collected 200 gold pieces.

Inventory:

Hand Weapons
 a - a +1 dagger (weapon)
Armour
 b - a +0 robe (worn)
Wands
 c - a wand of acid (5)
 e - a wand of iceblast (5)
Scrolls
 d - 4 scrolls of blinking
 f - 3 scrolls of fog
Potions
 g - 3 potions of haste {unknown}
 h - 3 potions of heal wounds {unknown}
 i - a potion of resistance


   Skills:
 + Level 1.3 Short Blades
 + Level 2.0 Dodging
 - Level 2.4 Stealth
 + Level 3.2 Spellcasting
 - Level 2.6 Hexes


You had 5 spell levels left.
You knew the following spells:

 Your Spells              Type           Power        Failure   Level  Hunger
a - Corona                Hex            #......      7%          1    N/A

Your spell library contained the following spells:

 Spells                   Type           Power        Failure   Level  Hunger
 Ensorcelled Hibernation  Hex/Ice        #.....       19%         2    N/A
 Confuse                  Hex            #.......     22%         3    N/A
 Tukima's Dance           Hex            #.......     22%         3    N/A
 Dazzling Spray           Conj/Hex       #.....       36%         3    N/A

Dungeon Overview and Level Annotations

Branches:
Dungeon (1/1)

Altars:
Dithmenos
Gozag
Makhleb
Okawaru
Ru
Xom
Yredelemnul
Zin
The Shining One
Beogh
Lugonu

Shops:
D *[%???:(

Annotations:
D Blork the orc


Innate Abilities, Weirdness & Mutations

You do not eat or drink.
Your flesh is vulnerable to fire.
You are immune to poison.
Your flesh is cold resistant. (rC+)
You are immune to negative energy. (rN+++)
You are immune to unholy pain and torment.
You can survive without breathing.


Message History

Aiming: Corona (safe; 7% risk of failure)
Press: ? - help, Shift-Dir - straight line, f - Blork the orc
Aim: Blork the orc, wielding a +0 flail and wearing a +0 robe (hasn't noticed you, chance to defeat MR: 44%) Blork the orc is outlined in light.
The orc shouts!
You hit Blork the orc.
Blork the orc is lightly wounded.
Blork the orc barely misses you. The orc closely misses you.
You hit Blork the orc.
Blork the orc is lightly wounded.
Blork the orc hits you with a +0 flail. The orc barely misses you.
You hit Blork the orc.
Blork the orc is lightly wounded.
Blork the orc hits you with a +0 flail!
Ouch! That really hurt!
* * * LOW HITPOINT WARNING * * *
The orc suddenly curses.
The orc hits you with a +0 flail.
You die...
Yredelemnul claims you as an undead slave.

#_......._#
#_......._#
###...†.....###
#⌠...........⌠#
######.8.........8.###
#∩_._......###......__
∩........8.# #.8......
...........###........
.......@###...###.....
......oo# #.<.# .....
........# #...# ....
...........###... ...
∩........8. .8......
#∩.._...... .....
######.8... ..8.#
#⌠.... ..⌠# ###...
.###


You could see Blork the orc and an orc.

Vanquished Creatures
  An orc (D)
1 creature vanquished.

Notes
Turn   | Place    | Note
-------+----------+-------------------------------------------
     0 | D        | FatLuigi the Mummy Enchanter began the quest for the Orb.
     0 | D        | Reached XP level 1. HP: 13/13 MP: 4/4
     2 | D        | Found a shadowy altar of Dithmenos.
     2 | D        | Found a roughly hewn altar of Beogh.
     3 | D        | Found a shimmering altar of Xom.
     4 | D        | Found a basalt altar of Yredelemnul.
     4 | D        | Found a glowing silver altar of Zin.
     5 | D        | Found an iron altar of Okawaru.
     5 | D        | Found an opulent altar of Gozag.
     5 | D        | Found Vuen's Magic Scroll Shop.
     5 | D        | Found Susei's Staff Store.
     5 | D        | Round 1.
     6 | D        | Found a burning altar of Makhleb.
     6 | D        | Found Viysaf's Magic Scroll Shop.
     6 | D        | Found Atoteng's Must-Have Magic.
    14 | D        | Reached skill level 1 in Short Blades
    14 | D        | Reached skill level 3 in Spellcasting
    18 | D        | Found a sacrificial altar of Ru.
    26 | D        | Became a worshipper of Yredelemnul the Dark
    42 | D        | Noticed Blork the orc
    48 | D        | Found a glowing golden altar of the Shining One.
    54 | D        | Found Sucrapta's Delicious Food.
    54 | D        | Found a corrupted altar of Lugonu.
    54 | D        | Found Vemas's Identification Station.
    55 | D        | Found Bihoiluf's Jewellery.
    55 | D        | Found Hinn's Advanced Armour.
    60 | D        | Slain by an orc

Skill      XL: |  1 |
---------------+----+-----
Short Blades   | 1 |  1.3
Dodging        | 2 |  2.0
Spellcasting   | 3 |  3.2
Stealth        | |  2.4
Hexes          | |  2.6

Action                   || total
-------------------------++-------
Melee: Dagger            ||     4
 Cast: Corona            ||     1
 Stab: Distracted        ||     1
Dodge: Dodged            ||     3
